 Dungeon Crawl Stone Soup version 0.18.1-8-gdd0e5ea (webtiles) character file.

388 georgeearnest the Covered (level 6, -2/53 HPs)
             Began as a Hill Orc Fighter on June 8, 2016.
             Slain by a sky beast (6 damage)
             ... on level 5 of the Dungeon.
             The game lasted 00:07:22 (3471 turns).

georgeearnest the Covered (Hill Orc Fighter)        Turns: 3471, Time: 00:07:23

Health: -2/53      AC:  4    Str: 20 (21) XL:     6   Next: 79%
Magic:  6/6        EV: 10    Int:  8      God:
Gold:   178        SH:  4    Dex:  8 (10) Spells: 0 memorised, 5 levels left

rFire  . . .     SeeInvis .     a - +0 war axe
rCold  . . .     Gourm    .     b - +0 scale mail
rNeg   . . .     Faith    .     u - +0 buckler (curse)
rPois  .         Spirit   .     (no helmet)
rElec  .         Dismiss  .     (no cloak)
rCorr  .         Reflect  .     (no gloves)
SustAt .         Harm     .     (no boots)
MR     .....     Clarity  +     s - amulet of regeneration
Stlth  ..........               (no ring)
                                (no ring)

@: not resistant to hostile enchantments, extremely unstealthy
A: clarity, deformed body, subdued magic 1
a: no special abilities


You were on level 5 of the Dungeon.
You were not hungry.

You visited 1 branch of the dungeon, and saw 5 of its levels.

You collected 178 gold pieces.

Inventory:

Hand Weapons
 a - a +0 war axe (weapon)
Armour
 b - a +0 scale mail (worn)
 c - a +0 shield
 u - a cursed +0 buckler (worn)
Jewellery
 d - an uncursed amulet of faith {unknown}
 l - an uncursed amulet of dismissal
 s - an amulet of regeneration (around neck)
Scrolls
 e - 2 scrolls of identify {unknown}
 g - 4 scrolls of amnesia {unknown}
 h - 2 scrolls of teleportation {unknown}
 k - a scroll of magic mapping {unknown}
 n - a scroll of remove curse {unknown}
 p - a scroll of noise {unknown}
 q - a scroll of enchant weapon {unknown}
 t - a scroll of immolation {unknown}
Potions
 i - a potion of flight
 j - a potion of haste
Comestibles
 f - 2 bread rations
 m - 2 royal jellies
 o - 2 meat rations
 r - 3 fruits


   Skills:
 + Level 4.4 Fighting
 + Level 4.2 Axes
 + Level 5.4 Armour
 + Level 2.1 Dodging
 + Level 4.6 Shields


You had 5 spell levels left.
You didn't know any spells.

Dungeon Overview and Level Annotations

Branches:
Dungeon (5/15)
 Temple: D:4-7

Altars:
Nemelex Xobeh
Qazlal
Vehumet

Shops:
D:4 %


Innate Abilities, Weirdness & Mutations

You possess an exceptional clarity of mind.
Armour fits poorly on your strangely shaped body.
Your spells are a little easier to cast, but a little less powerful.


Message History

The sky beast hits you. The sky beast shocks you.
* * * LOW HITPOINT WARNING * * *
You slash the centaur!
You kill the centaur!
You feel your dexterity returning.
You barely miss the sky beast.
The sky beast is heavily wounded.
The sky beast barely misses you.
You miss the sky beast.
The sky beast is heavily wounded.
The sky beast hits you.
* * * LOW HITPOINT WARNING * * *
The sky beast shocks you.
* * * LOW HITPOINT WARNING * * *
The sky beast flickers out of sight!
Deactivating autopickup; reactivate with Ctrl-A.
Something hits you.
* * * LOW HITPOINT WARNING * * *
Something shocks you.
You die...

.. .........#..c.
... .......^#...
.... #....##..
#.....##....##'####
#........<........#
#.................#
#...............(≈#
#(....##...#####)##
#.....########.{@##
#...........'.....#
#.....<.....#.....#
#...........#.....#
#.....##...########
#..... #...#
#............
#...?.........
#..............


There were no monsters in sight!

Vanquished Creatures
  A black bear (D:4)
  A centaur (D:5)
  Natasha (D:3)
  4 gnolls (D:4)
  4 adders
  2 oozes
  2 worms (D:2)
  3 dart slugs
  4 giant geckos
  4 orcs (D:3)
  5 bats
  A giant cockroach (D:3)
  7 goblins
  12 hobgoblins
  14 jackals
  A quokka (D:3)
  A ball python (D:2)
  5 giant newts
  A jackal skeleton (D:4)
  6 kobolds
  8 rats
87 creatures vanquished.

Notes
Turn   | Place    | Note
--------------------------------------------------------------
     0 | D:1      | georgeearnest the Hill Orc Fighter began the quest for the Orb.
     0 | D:1      | Reached XP level 1. HP: 19/19 MP: 1/1
    84 | D:1      | Reached XP level 2. HP: 27/27 MP: 2/2
   474 | D:1      | Reached XP level 3. HP: 32/33 MP: 3/3
   959 | D:2      | Found a radiant altar of Vehumet.
   985 | D:2      | Found a faded altar to an unknown god.
  1212 | D:2      | Reached skill level 4 in Armour
  1318 | D:2      | Reached skill level 1 in Dodging
  1318 | D:2      | Reached XP level 4. HP: 30/40 MP: 4/4
  1817 | D:3      | Found a stormy altar of Qazlal.
  1859 | D:3      | Noticed Natasha
  1884 | D:3      | Gained mutation: Armour fits poorly on your strangely shaped body. [potion of mutation]
  1884 | D:3      | Gained mutation: You have large cloven feet. [potion of mutation]
  1884 | D:3      | Gained mutation: Your flesh is heat resistant. [potion of mutation]
  1886 | D:3      | HP: 2/40 [Natasha (6)]
  1887 | D:3      | Lost mutation: Armour fits poorly on your strangely shaped body. [potion of cure mutation]
  1887 | D:3      | Lost mutation: Your flesh is heat resistant. [potion of cure mutation]
  1887 | D:3      | Lost mutation: You have large cloven feet. [potion of cure mutation]
  1892 | D:3      | Killed Natasha
  1892 | D:3      | Reached XP level 5. HP: 22/46 MP: 5/5
  1947 | D:3      | Gained mutation: You possess an exceptional clarity of mind. [potion of mutation]
  1947 | D:3      | Gained mutation: Armour fits poorly on your strangely shaped body. [potion of mutation]
  1947 | D:3      | Gained mutation: Your spells are a little easier to cast, but a little less powerful. [potion of mutation]
  2536 | D:4      | Found a sparkling altar of Nemelex Xobeh.
  2894 | D:4      | Noticed a black bear
  3188 | D:4      | Found Nesch's Food Boutique.
  3294 | D:4      | Killed a black bear
  3294 | D:4      | Reached skill level 5 in Armour
  3294 | D:4      | Reached XP level 6. HP: 27/53 MP: 6/6
  3405 | D:5      | Entered Level 5 of the Dungeon
  3451 | D:5      | Noticed a sky beast
  3471 | D:5      | Slain by a sky beast

Skill      XL: |  1  2  3  4  5 |
---------------+----------------+-----
Axes           | 3 4 |  4.2
Armour         | 4 5 |  5.4
Dodging        | 1 2 |  2.1
Shields        | 4 |  4.6
Fighting       | 4 |  4.4

Action                   |  1- 3 |  4- 6 || total
-------------------------+-------+-------++-------
Melee: War axe           |   126 |   194 ||   320
  Use: Potion            |       |    10 ||    10
  Eat: Bread ration      |     1 |     1 ||     2
Armor: Scale mail        |    58 |    87 ||   145
Dodge: Dodged            |    33 |    87 ||   120
Block: Shield            |    75 |   106 ||   181
       Buckler           |       |     4 ||     4
